 Dungeon Crawl Stone Soup version 0.20.1-1-g8b1a95d (webtiles) character file.

2429 equalderp2856 the Chopper (level 9, -6/67 HPs)
             Began as a Mummy Fighter on Oct 25, 2017.
             Mangled by a two-headed ogre
             ... wielding a +0 giant club
              (9 damage)
             ... on level 7 of the Dungeon.
             The game lasted 00:14:59 (8510 turns).

equalderp2856 the Chopper (Mummy Fighter)           Turns: 8510, Time: 00:15:00

Health: -6/67      AC: 13    Str: 19    XL:     9   Next: 24%
Magic:  13/13      EV:  6    Int: 10    God:
Gold:   463        SH: 11    Dex: 12    Spells: 13/13 levels left

rFire    x . .     SeeInvis .   a - +0 war axe
rCold    + . .     Gourm    .   c - +0 shield
rNeg     + + +     Faith    .   v - +0 chain mail
rPois    ∞         Spirit   .   (no helmet)
rElec    .         Reflect  +   q - +0 cloak {+Inv}
rCorr    .         Harm     .   u - +1 pair of gloves
MR       +....                  (no boots)
Stlth    ..........             p - +2 amulet of reflection
Regen    0.3/turn               (no ring)
MPRegen  0.2/turn               (no ring)

@: no status effects
A: no food or potions, fire vulnerability, cold resistance 1, negative energy
resistance 3, torment resistance, unbreathing
a: Evoke Invisibility


You were on level 7 of the Dungeon.
You were not hungry.

You visited 1 branch of the dungeon, and saw 8 of its levels.
You also visited: Sewer.

You collected 463 gold pieces.

Inventory:

Hand Weapons
 a - a +0 war axe (weapon)
Armour
 b - a +0 scale mail
 c - a +0 shield (worn)
 q - a +0 cloak of invisibility (worn)
 u - a +1 pair of gloves (worn)
 v - a +0 chain mail (worn)
Jewellery
 p - a +2 amulet of reflection (around neck)
 r - a -5 ring of evasion
Wands
 o - a wand of random effects (6/48)
 t - a wand of iceblast (8/15)
 x - a wand of iceblast (5/15)
Scrolls
 d - 2 scrolls of fear
 e - a scroll of enchant armour {unknown}
 f - 5 scrolls of identify
 g - a scroll of random uselessness {unknown}
 h - 3 scrolls of teleportation {unknown}
 i - 2 scrolls of remove curse
 j - 2 scrolls of immolation {unknown}
 k - 2 scrolls of magic mapping {unknown}
 l - 2 scrolls of blinking {unknown}
 m - 2 scrolls of recharging {unknown}
 n - a scroll of amnesia {unknown}
 s - 4 scrolls of fog {unknown}
 w - a scroll of acquirement {unknown}


   Skills:
 + Level 4.9 Fighting
 * Level 7.4 Axes
 + Level 4.5 Armour
 + Level 2.1 Dodging
 + Level 0.5 Stealth
 + Level 4.3 Shields
 * Level 2.9 Spellcasting
 * Level 2.0 Evocations


You had 13 spell levels left.
You didn't know any spells.

Dungeon Overview and Level Annotations

Branches:
Dungeon (8/15)             Temple (0/1) D:4
   Lair: D:8-11

Altars:
Ashenzari
Cheibriados
Dithmenos
Elyvilon
Okawaru
Xom
Zin
The Shining One


Innate Abilities, Weirdness & Mutations

You do not eat or drink.
Your flesh is vulnerable to fire.
You are immune to poison.
Your flesh is cold resistant. (rC+)
You are immune to negative energy. (rN+++)
You are immune to unholy pain and torment.
You can survive without breathing.


Message History

Aim: a two-headed ogre, wielding a giant club and a giant spiked club The two-headed ogre seems to speed up.
Evoking this partially-identified wand wasted a few charges.
The two-headed ogre disappears!
There is a stone staircase leading up here.
You block the two-headed ogre's attack. The two-headed ogre closely misses you.
You block the two-headed ogre's attack. x2
You block the two-headed ogre's attack. x2
There is a stone staircase leading up here.
The two-headed ogre hits you with a giant club!
The two-headed ogre hits you with a giant spiked club!!
You climb upwards.
There is a stone staircase leading down here.
The two-headed ogre hits you with a giant club!!
The two-headed ogre barely misses you. The two-headed ogre closely misses you.
The two-headed ogre hits you with a giant spiked club!!
* * * LOW HITPOINT WARNING * * *
The two-headed ogre hits you with a giant club!
You die...

# #.# #.# #.##########.# # #.#
#.# #.# #.# #
#.###.#######.###### #.# #
#))...........[....#####.# #
##>###............#........ #
##[#.##########.......####.#
######.###.## #.............
......## ##.########.>.....#.##..
######.###......@O.........#.##..
##.#.##########.......#.##..
##.## #............. ###
#............. #########.####
#..... ######


You could see a two-headed ogre.

Vanquished Creatures
  A hungry ghost (D:7)
  3 sky beasts
  2 centaurs
  7 big kobolds
  3 bullfrogs
  A scorpion (D:4)
  3 howler monkeys (D:8)
  3 hounds
  A bullfrog zombie (D:8)
  A jelly (D:7)
  4 orc wizards
  Crazy Yiuf (D:4)
  3 orc priests
  4 bullfrog skeletons
  An iguana (D:7)
  3 worker ants
  A worker ant zombie (D:5)
  9 gnolls
  10 adders
  4 river rats
  5 oozes
  An adder zombie (D:5)
  8 worms
  2 dart slugs (D:2)
  2 leopard geckos
  22 orcs
  3 ball pythons
  11 bats
  9 giant cockroaches
  9 goblins
  8 hobgoblins
  16 jackals
  16 kobolds
  3 quokkas
  6 frilled lizards
  11 rats
197 creatures vanquished.

Vanquished Creatures (others)
  A kobold (D:8)
1 creature vanquished.

Grand Total: 198 creatures vanquished

Notes
Turn   | Place    | Note
-------+----------+-------------------------------------------
     0 | D:1      | equalderp2856 the Mummy Fighter began the quest for the Orb.
     0 | D:1      | Reached XP level 1. HP: 18/18 MP: 1/1
   278 | D:1      | Reached XP level 2. HP: 24/24 MP: 2/2
   485 | D:1      | Reached skill level 2 in Axes
   602 | D:2      | Reached XP level 3. HP: 27/29 MP: 3/3
   772 | D:2      | Reached XP level 4. HP: 22/35 MP: 4/4
  1436 | D:3      | Found a glowing drain.
  1610 | Sewer    | Entered a sewer
  1638 | Sewer    | Noticed a big kobold
  1655 | Sewer    | Killed a big kobold
  1655 | Sewer    | Reached skill level 3 in Axes
  1655 | Sewer    | Reached skill level 1 in Dodging
  1655 | Sewer    | Reached XP level 5. HP: 32/41 MP: 5/5
  1946 | Sewer    | Reached XP level 6. HP: 30/48 MP: 6/6
  2166 | Sewer    | Reached skill level 4 in Axes
  2472 | Sewer    | Reached XP level 7. HP: 53/53 MP: 7/7
  3021 | D:3      | Found a shimmering altar of Xom.
  3955 | D:4      | Reached skill level 5 in Axes
  4658 | D:4      | Found a staircase to the Ecumenical Temple.
  4878 | D:4      | Found a runed door.
  4882 | D:4      | Noticed Crazy Yiuf
  4892 | D:4      | Killed Crazy Yiuf
  5065 | D:4      | Identified the +1 mace of Immorrots {drain, rElec rC+++ Str-5 Int+4} (You found it on level 4 of the Dungeon)
  5131 | D:5      | Entered Level 5 of the Dungeon
  5404 | D:5      | Reached XP level 8. HP: 53/61 MP: 8/8
  5450 | D:5      | Found a shadowy altar of Dithmenos.
  6093 | D:5      | Reached skill level 6 in Axes
  6177 | D:6      | Found a shattered altar of Ashenzari.
  6268 | D:6      | Found an iron altar of Okawaru.
  6280 | D:6      | Reached skill level 1 in Spellcasting
  6327 | D:6      | Reached skill level 1 in Evocations
  6349 | D:6      | Found a snail-covered altar of Cheibriados.
  6510 | D:6      | Found a glowing silver altar of Zin.
  6510 | D:6      | Found a glowing golden altar of the Shining One.
  6511 | D:6      | Found a white marble altar of Elyvilon.
  7970 | D:7      | Reached skill level 7 in Axes
  8016 | D:7      | Reached XP level 9. HP: 67/67 MP: 12/12
  8473 | D:8      | Noticed a two-headed ogre
  8507 | D:7      | HP: 3/67 [two-headed ogre/giant club (19)]
  8510 | D:7      | Mangled by a two-headed ogre

Skill      XL: |  1  2  3  4  5  6  7  8  9 |
---------------+----------------------------+-----
Axes           | 2 3 4 5 7 |  7.4
Armour         | 3 4 |  4.5
Dodging        | 1 2 |  2.1
Shields        | 3 4 |  4.3
Fighting       | 4 |  4.9
Spellcasting   | 2 |  2.9
Evocations     | 1 2 |  2.0
Stealth        | |  0.5

Action                   |  1- 3 |  4- 6 |  7- 9 || total
-------------------------+-------+-------+-------++-------
Melee: War axe           |   121 |   204 |   566 ||   891
Evoke: Wand              |       |       |     3 ||     3
  Use: Scroll            |       |       |     4 ||     4
 Stab: Invisible         |       |       |     1 ||     1
Armor: Scale mail        |    79 |    62 |   151 ||   292
       Chain mail        |       |       |    99 ||    99
Dodge: Dodged            |    51 |    66 |   158 ||   275
Block: Shield            |    66 |    92 |   304 ||   462
       Reflection        |       |       |     2 ||     2
